 Dungeon Crawl Stone Soup version 0.23-a0-143-g1adec7b (webtiles) character file.

748 TheGoonsmith the Chiller (level 7, -7/32 HPs)
             Began as a Vine Stalker Ice Elementalist on Sept 5, 2018.
             Was a Believer of Ru.
             Mangled by an ogre
             ... wielding a +0 giant spiked club
              (27 damage)
             ... on level 6 of the Dungeon on Sept 6, 2018.
             The game lasted 00:12:35 (4944 turns).

TheGoonsmith the Chiller (VSIE)                     Turns: 4944, Time: 00:12:36

Health: -7/32      AC:  3    Str: 10    XL:     7   Next: 77%
Magic:  0/14       EV: 12    Int: 17    God:    Ru [**....]
Gold:   281        SH:  0    Dex: 15    Spells: 4/14 levels left

rFire    . . .     SeeInvis .   b - +1 short sword
rCold    . . .     Gourm    .   (no shield)
rNeg     . . .     Faith    .   a - +1 robe
rPois    .         Spirit   +   (no helmet)
rElec    .         Reflect  .   n - scarf {cloud immunity}
rCorr    .         Harm     .   (no gloves)
MR       .....                  (no boots)
Stlth    +++.......             (no amulet)
HPRegen  0.50/turn              (no ring)
MPRegen  0.14/turn              (no ring)

@: no status effects
A: fangs 2, frail 1, regeneration 1, magic shield, antimagic bite, no potion
heal 3, rot immunity
a: Renounce Religion


You were on level 6 of the Dungeon.
You worshipped Ru.
Ru was pleased with you.
You were not hungry.

You visited 1 branch of the dungeon, and saw 6 of its levels.
You also visited: Sewer.

You collected 281 gold pieces.

Inventory:

Hand Weapons
 b - a +1 short sword (weapon)
Armour
 a - a +1 robe (worn)
 n - a scarf of cloud immunity (worn)
 t - a +0 robe of magic resistance
Jewellery
 p - a cursed -3 ring of dexterity {unknown}
Wands
 q - a wand of clouds (6)
 r - a wand of flame (42)
Scrolls
 d - a scroll of enchant armour
 j - a scroll of blinking
 k - a scroll of magic mapping
 m - 3 scrolls of identify
 s - a scroll of teleportation
Potions
 e - a potion of magic {unknown}
 g - 2 potions of heal wounds
 h - 2 potions of degeneration
 i - a potion of haste
 l - 2 potions of lignification
 o - 3 potions of curing {unknown}
Comestibles
 c - 5 rations


   Skills:
 - Level 3.1 Fighting
 + Level 0.7 Short Blades
 + Level 1.8 Dodging
 - Level 5.0 Stealth
 - Level 4.0 Spellcasting
 - Level 1.0 Conjurations
 - Level 3.0 Charms
 + Level 0.9 Summonings
 - Level 5.0 Ice Magic


You had 4 spell levels left.
You knew the following spells:

 Your Spells              Type           Power        Failure   Level  Hunger
a - Freeze                Ice            ###.         1%          1    None
b - Throw Frost           Conj/Ice       ##....       7%          2    ##.....
c - Summon Ice Beast      Ice/Summ       ##......     43%         4    ####...
z - Ozocubu's Armour      Chrm/Ice       ###.....     9%          3    ###....

Your spell library contained the following spells:

 Spells                   Type           Power        Failure   Level  Hunger
 Throw Icicle             Conj/Ice       ##......     41%         4    ####...


Dungeon Overview and Level Annotations

Branches:
Dungeon (6/15)
 Temple: D:4-7

Altars:
Dithmenos
Elyvilon
Hepliaklqana
Ru
Vehumet
Wu Jian

Shops:
D:5 [


Innate Abilities, Weirdness & Mutations

You have extremely sharp teeth.
You are frail. (-10% HP)
Your natural rate of healing is unusually fast.
When hurt, damage is shared between your health and your magic reserves.
Your bite disrupts and absorbs the magic of your enemies.
Potions cannot restore your health.
You are immune to rotting.


Message History

Aiming: Freeze (safe; 1% risk of failure)
Press: ? - help, Shift-Dir - straight line, f/p - ogre
Aim: an ogre, wielding a giant spiked club (lightly wounded)
You freeze the ogre.
The ogre is heavily wounded.
A sky beast appears from thin air!
Reactivating autopickup.
The sky beast barely misses you.
The ogre hits you with a giant spiked club.
Casting: Freeze (safe; 1% risk of failure)
Confirm with . or Enter, or press ? or * to list all spells.
Aiming: Freeze (safe; 1% risk of failure)
Press: ? - help, Shift-Dir - straight line, f/p - ogre
Aim: an ogre, wielding a giant spiked club (heavily wounded)
You freeze the ogre.
The ogre is severely wounded.
The sky beast hits you. The sky beast shocks you.
The ogre hits you with a giant spiked club!!
Ouch! That really hurt!
You die...

.>...$.
.......
..$....
.......
....... .
#..>... ...
#(....###.....
#....@O.#
##...Y.##
#..(.## #....#
#....## #....
#.... .....


You could see a sky beast and an ogre.

Vanquished Creatures
  A sky beast (D:5)
  3 bullfrogs
  A scorpion (D:4)
  A howler monkey (D:5)
  A bullfrog zombie (D:4)
  A hound (D:4)
  An iguana (D:4)
  2 worker ants
  3 gnolls (D:4)
  10 adders
  2 oozes
  An adder zombie (D:3)
  A worm (D:3)
  3 dart slugs
  7 leopard geckos
  14 giant cockroaches
  7 hobgoblins
  11 jackals
  10 kobolds
  4 quokkas
  5 ball pythons
  11 bats
  8 frilled lizards
  8 goblins
  A quokka zombie (D:5)
  5 rats
122 creatures vanquished.

Notes
Turn   | Place    | Note
-------+----------+-------------------------------------------
     0 | D:1      | TheGoonsmith the Vine Stalker Ice Elementalist began the
                  | quest for the Orb.
     0 | D:1      | Reached XP level 1. HP: 9/9 MP: 4/4
   162 | D:1      | Reached XP level 2. HP: 11/13 MP: 3/6
   777 | D:1      | Reached XP level 3. HP: 16/16 MP: 2/7
  1040 | D:1      | Learned a level 2 spell: Throw Frost
  1044 | D:1      | Learned a level 3 spell: Ozocubu's Armour
  1354 | D:2      | Found a hazy altar of Hepliaklqana.
  1513 | D:2      | Gained mutation: Your natural rate of healing is unusually
                  | fast. [Vine Stalker growth]
  1513 | D:2      | Reached XP level 4. HP: 21/21 MP: 2/8
  1733 | D:2      | Found a sacrificial altar of Ru.
  1751 | D:2      | Reached skill level 5 in Ice Magic
  1828 | D:2      | Became a worshipper of Ru the Awakened
  1978 | D:2      | Found a radiant altar of Vehumet.
  1978 | D:2      | Found a white marble altar of Elyvilon.
  2459 | D:3      | Reached XP level 5. HP: 25/25 MP: 9/9
  2539 | D:3      | Reached skill level 1 in Charms
  2560 | D:3      | Found an ornate altar of the Wu Jian Council.
  2602 | D:3      | Found a shadowy altar of Dithmenos.
  2613 | D:3      | Reached skill level 1 in Fighting
  3088 | D:4      | Gained mutation: You are frail. (-10% HP) [Ru sacrifice]
  3088 | D:4      | Reached * piety under Ru
  3088 | D:4      | Reached ** piety under Ru
  3222 | D:4      | Reached XP level 6. HP: 25/27 MP: 10/10
  3504 | D:4      | Reached skill level 5 in Stealth
  3606 | D:5      | Entered Level 5 of the Dungeon
  3634 | D:5      | Found a glowing drain.
  3698 | Sewer    | Entered a sewer
  4161 | Sewer    | Reached XP level 7. HP: 31/31 MP: 3/12
  4406 | D:5      | Found Leatusac's Antique Armour Shop.
  4613 | D:5      | Learned a level 4 spell: Summon Ice Beast
  4944 | D:6      | Mangled by an ogre

Vault maps used:
D:1:      saegor_arrival_simple_d, minivault_11, minivault_4, minmay_cut_off
D:2:      old_standard_altar, marbit_many_paths,
          gammafunk_temple_overflow_elements
D:3:      nicolae_overflow_crystal_walls, nicolae_dithmenos_shadow_blocks
D:4:      first_ration
D:5:      portal_sewer_entry_f, serial_shops,
          nicolae_shop_temple_entry_statues_fountains
Sewer:    sewer_frog_island_01

Skill      XL: |  1  2  3  4  5  6  7 |
---------------+----------------------+-----
Ice Magic      | 4 5 |  5.0
Stealth        | 3 4 5 |  5.0
Charms         | 2 3 |  3.0
Fighting       | 1 2 3 |  3.1
Spellcasting   | 3 4 |  4.0
Short Blades   | |  0.7
Dodging        | |  1.8
Conjurations   | |  1.0
Summonings     | |  0.9

Action                   |  1- 3 |  4- 6 |  7- 9 || total
-------------------------+-------+-------+-------++-------
Melee: Short sword       |    15 |   116 |    11 ||   142
       Bite              |     2 |    22 |     2 ||    26
 Cast: Freeze            |    54 |    81 |    32 ||   167
       Ozocubu's Armour  |       |     9 |     2 ||    11
       Throw Frost       |       |     7 |       ||     7
Invok: Sacrifice Health  |       |     1 |       ||     1
  Use: Scroll            |       |    13 |     1 ||    14
 Stab: Sleeping          |     3 |    10 |     2 ||    15
  Eat: Chunk             |     2 |    11 |     3 ||    16
Armor: Robe              |     9 |    49 |    11 ||    69
Dodge: Dodged            |    37 |   135 |    18 ||   190

Table legend:
 A = Non-vault XP
 B = Vault XP
 C = Vault XP percentage of total XP
 D = Non-vault monster count
 E = Vault monster count
 F = Vault count percentage of total count
                 A         B        C        D         E       F
            +---------+---------+-------+---------+---------+-------
      Total |     808 |     261 |  24.4 |      93 |      29 |  23.8
            +---------+---------+-------+---------+---------+-------
        D:1 |      45 |       2 |   4.3 |      27 |       2 |   6.9
        D:2 |     100 |      13 |  11.5 |      26 |       1 |   3.7
        D:3 |      60 |       0 |   0.0 |      17 |       0 |   0.0
        D:4 |     274 |       0 |   0.0 |      12 |       0 |   0.0
        D:5 |     226 |      12 |   5.0 |       9 |       5 |  35.7
        D:6 |     103 |       0 |   0.0 |       2 |       0 |   0.0
      Sewer |       0 |     234 | 100.0 |       0 |      21 | 100.0
            +---------+---------+-------+---------+---------+-------
